 Dungeon Crawl Stone Soup version 0.27.1-33-g824d729ab1 (webtiles) character file.

Game seed: 11057337926198584019

32 belegose the Insei (level 3, -1/28 HPs)
             Began as a Djinni Transmuter on Dec 9, 2021.
             Slain by a worm (9 damage)
             ... on level 2 of the Dungeon.
             The game lasted 00:03:01 (2210 turns).

belegose the Insei (Djinni Transmuter)              Turns: 2210, Time: 00:03:01

Health: -1/28      AC:  2    Str: 10    XL:     3   Next: 42%
Gold:   64         EV: 12    Int: 14    God:
                   SH:  0    Dex: 13

rFire    + + .     SeeInvis .   b - +0 mace
rCold    x . .     Faith    .   (no shield)
rNeg     . . .     Spirit   .   a - +0 robe
rPois    ∞         Reflect  .   (helmet currently unavailable)
rElec    .         Harm     .   (no cloak)
rCorr    .         Rampage  .   (no gloves)
Will     .....                  (boots unavailable)
Stlth    +.........             (no amulet)
HPRegen  0.09/turn              (no ring)
MPRegen  0.00/turn              (no ring)

@: appendages (expiring), flying
A: horns 2, flying, sickness immunity, fire resistance 2, cold vulnerability 1,
float, innate caster, hp casting, extra vitality 1
a: End Transformation


You were on level 2 of the Dungeon.
You had temporarily grown beastly horns.
You visited 1 branch of the dungeon, and saw 2 of its levels.

You collected 64 gold pieces.

Inventory:

Hand Weapons
 b - a +0 mace (weapon)
Missiles
 h - a stone
Armour
 a - a +0 robe (worn)
Scrolls
 c - a scroll of fear {unknown}
 d - a scroll of identify {unknown}
 e - a scroll of blinking {unknown}
Potions
 f - a potion of degeneration {unknown}
 g - a potion of brilliance {unknown}


   Skills:
 + Level 1.6 Fighting
 + Level 2.7 Dodging
 + Level 3.3 Unarmed Combat
 + Level 1.9 Spellcasting


You couldn't memorise any spells.
You knew the following spells:

 Your Spells              Type           Power      Damage    Failure   Level
a - Beastly Appendage     Tmut           12%        N/A       11%         1
b - Wereblood             Tmut           6%         N/A       16%         2
c - Spider Form           Tmut/Pois      3%         N/A       32%         3
d - Ice Form              Ice/Tmut       6%         N/A       71%         4
e - Corona                Hex            6%         N/A       11%         1
Your spell library was empty.

Dungeon Overview and Level Annotations

Branches:
Dungeon (2/15)

Altars:

Shops:
D:1 (


Innate Abilities, Weirdness & Mutations

You have temporarily grown beastly horns.
You are flying.
You are immune to sickness and miasma.
You are immune to poison.
Your flesh is very heat resistant. (rF++)
You are vulnerable to cold. (rC-)
You float through the air rather than walking.
You learn spells naturally, not from books.
Your magical power is your life essence.
You have superior vitality. (+4 HP)


Message History

You grow a pair of large bovine horns.
You hit the giant cockroach.
The giant cockroach is severely wounded.
Your transformation is almost over.
The giant cockroach barely misses you. x2
You closely miss the giant cockroach.
The giant cockroach is severely wounded.
The giant cockroach bites you but does no damage.
You closely miss the giant cockroach.
The giant cockroach is severely wounded.
The giant cockroach barely misses you.
The giant cockroach bites you but does no damage.
You closely miss the giant cockroach.
Your headbutt misses the giant cockroach.
The giant cockroach is severely wounded.
The giant cockroach misses you.
The giant cockroach bites you but does no damage.
You hit the giant cockroach.
You kill the giant cockroach!
A worm comes into view.
Your horns disappear.
A worm is nearby!
Casting: Beastly Appendage (safe; 11% risk of failure)
Confirm with . or Enter, or press ? or * to list all spells.
You grow a pair of large bovine horns.
The worm closely misses you.
You sock the worm! You headbutt the worm.
The worm is severely wounded.
Your transformation is almost over.
The worm bites you!
You hit the worm but do no damage.
The worm is heavily wounded.
The worm bites you!
* * * LOW HITPOINT WARNING * * *
You hit the worm.
The worm is almost dead.
You hit the worm.
The worm is almost dead.
The worm bites you!
You die...

##### ....# ###
#####....# #.. #........#
######.. +.........
........ #.w...# ###.##..
#.@...# #.###.
#####.....# ##'###.
#.........# #......
#[........# ####..[...
#.....##### #.........
#.....# #.........
#.....# #...#'###.
..#.....########...#.###.
................)........


You could see a worm.

Vanquished Creatures
  2 dart slugs (D:1)
  3 ball pythons (D:1)
  3 bats (D:1)
  3 endoplasms
  4 giant cockroaches
  2 goblins (D:1)
  2 hobgoblins (D:1)
  A frilled lizard (D:2)
  3 kobolds
  A rat (D:1)
24 creatures vanquished.

Notes
Turn   | Place    | Note
-------+----------+-------------------------------------------
     0 | D:1      | belegose the Djinni Transmuter began the quest for the Orb.
     0 | D:1      | Reached XP level 1. HP: 17/17 MP: 0/0
   412 | D:1      | Reached XP level 2. HP: 12/22 MP: 0/0
  1562 | D:1      | Reached XP level 3. HP: 24/27 MP: 0/0
  1562 | D:1      | Learned a level 1 spell: Corona
  1605 | D:1      | Found a faded altar of an unknown god.
  1722 | D:1      | Found Jicuapt's Weapon Shop.
  2210 | D:2      | Slain by a worm

Illustrated notes

Levels and vault maps discovered:
D:1:      scummos_arrival_simple_crosswalls, layout_basic,
          hellmonk_ecumenical_altar_zigzags, serial_shops, shop,
          nrook_loot_triangle, hangedman_decor_clover_reticule,
          minmay_misc_feat_square
D:2:      layout_basic

Action                   || total
-------------------------++-------
Melee: Mace              ||    67
       Headbutt          ||     7
       Punch             ||     2
 Cast: Beastly Appendage ||    16
Armor: Robe              ||    16
Dodge: Dodged            ||    50
